AoeStats
← kekek

Arabia

507658908Analyzed
1v1 RM · 12d ago on Sep 19, 2026· 35m 13s· 2 players
Game mode
Random Map
Map size
Tiny (2 player)
Population
200
Speed
Normal
Resources
Standard
Victory
Conquest
Starting age
Dark Age
Ending age
Imperial Age
RankedLock teamsTeams togetherTeam positionsShared explorationLock speedFull tech treeHidden civsTurbo modeCheats
Victory
Defeat
🇻🇳 Goths · Vietnam
1047
+14
1006
-14
𝖘𝖙𝖗𝖎𝖉𝖊𝖗
6:42 Loom
11:23 Feudal Age
19:51 Fletching
24:10 Scale Barding Armor
23:54 Horse Collar
28:24 Padded Archer Armor
31:22 Castle Age
31:12 Forging
31:16 Bloodlines
kekek
6:32 Loom
9:34 Feudal Age
10:04 Double-Bit Axe
9:44 Man-at-Arms
11:13 Town Watch
11:10 Horse Collar
22:54 Castle Age
21:57 Gold Mining
21:59 Stone Mining
24:03 Bow Saw
23:55 Heavy Plow
24:04 Squires
24:06 Scale Mail Armor
23:56 Fletching
24:10 Scale Mail Armor
24:13 Padded Archer Armor
24:45 Stone Mining
26:17 Scale Mail Armor
25:59 Pikeman
30:37 Anarchy
31:41 Chain Mail Armor
33:14 Forging
35:26 Iron Casting
Connection lost

Rejoining the realm…

Still unreachable

The connection could not be restored.

Session expired

The server has moved on; the page needs a fresh start.